 Dungeon Crawl Stone Soup version 0.27-a0-998-g4cfe56dd59 (webtiles) character file.

Game seed: 188259660177922215

27126 Bapho the Carver (level 13, -2/85 (112) HPs)
             Began as a Yellow Draconian Monk on Apr 17, 2021.
             Was the Champion of Ru.
             Slain by a cane toad (20 damage)
             ... on level 4 of the Lair of Beasts.
             The game lasted 00:30:41 (16113 turns).

Bapho the Carver (Yellow Draconian Monk)           Turns: 16113, Time: 00:30:42

HP:   -2/85 (112)   AC: 10    Str: 17    XL:     13   Next: 2%
MP:   13/13         EV: 16    Int:  8    God:    Ru [******]
Gold: 1708          SH:  0    Dex: 16    Spells: 12/12 levels left

rFire    . . .     SeeInvis .   s - +1 long sword
rCold    . . .     Faith    .   (no shield)
rNeg     . . .     Spirit   .   (armour unavailable)
rPois    +         Reflect  .   (helmet restricted)
rElec    .         Harm     .   B - scarf {rC+ rF+}
rCorr    +         Rampage  .   O - +0 pair of gloves
Will     +....                  i - +0 pair of boots
Stlth    ..........             h - amulet of regeneration
HPRegen  1.24/turn              y - ring of poison resistance
MPRegen  0.13/turn              r - ring of willpower

@: lethally poisoned (-2 -> -8), heavily drained
A: spit acid, AC +8, unfitting armour, dopey 1, cold-blooded, no stealth,
inability to use devices, hated by all, temperature sensitive, acid resistance
a: Breathe Acid, Renounce Religion, Draw Out Power, Power Leap, Apocalypse


You were on level 4 of the Lair of Beasts.
You worshipped Ru.
Ru was exalted by your worship.
You visited 2 branches of the dungeon, and saw 14 of its levels.
You also visited: Ossuary.

You collected 1708 gold pieces.

Inventory:

Hand Weapons
 a - a +0 falchion
 s - a +1 long sword (weapon)
Missiles
 b - 243 stones (quivered)
 t - 18 boomerangs
 D - 2 curare-tipped darts
 F - a throwing net
Armour
 i - a +0 pair of boots (worn)
 B - a scarf of resistance (worn)
 J - a +0 kite shield
 O - a +0 pair of gloves (worn)
Jewellery
 h - an amulet of regeneration (around neck)
 l - a +6 ring of intelligence
 q - an amulet of magic regeneration
 r - a ring of willpower (right hand)
 y - a ring of poison resistance (left hand)
 I - a ring of protection from cold
 L - a ring of protection from fire
 P - a ring of protection from cold
Wands
 k - a wand of paralysis (11)
Scrolls
 f - 5 scrolls of enchant weapon
 j - 5 scrolls of vulnerability {unknown}
 p - 7 scrolls of teleportation {unknown}
 u - a scroll of immolation {unknown}
 v - 3 scrolls of amnesia {unknown}
 C - a scroll of summoning {unknown}
 E - 2 scrolls of fear {unknown}
 G - 2 scrolls of magic mapping {unknown}
 H - 6 scrolls of identify
 K - a scroll of blinking
 M - a scroll of acquirement
 N - a scroll of fog {unknown}
 Q - a scroll of brand weapon {unknown}
 R - a scroll of enchant armour {unknown}
Potions
 c - a potion of resistance
 d - 6 potions of attraction
 e - 10 potions of curing
 g - 4 potions of flight
 m - 2 potions of lignification {unknown}
 n - 4 potions of haste {unknown}
 o - 3 potions of heal wounds {unknown}
 w - a potion of invisibility {unknown}
 x - a potion of magic {unknown}
 z - 2 potions of might {unknown}
 A - 2 potions of cancellation {unknown}
 S - a potion of ambrosia {unknown}


   Skills:
 + Level 9.7 Fighting
 - Level 14.0 Long Blades
 + Level 8.1 Dodging
 + Level 12.4 Shields


You had 12 spell levels left.
You didn't know any spells.
Your spell library contained the following spells:

 Spells                   Type           Power      Damage    Failure   Level
 Shock                    Conj/Air       0%         1d3       41%         1
 Corpse Rot               Necr/Air       N/A        N/A       54%         2
 Static Discharge         Conj/Air       0%         N/A       54%         2
 Sublimation of Blood     Necr           0%         N/A       54%         2
 Confusing Touch          Hex            0%         N/A       78%         3
 Gell's Gravitas          Tloc           0%         N/A       78%         3
 Swiftness                Air            0%         N/A       78%         3
 Airstrike                Air            0%         N/A       99%         4
 Dispel Undead            Necr           0%         3d6       99%         4
 Petrify                  Tmut/Erth      0%         N/A       99%         4
 Agony                    Necr           0%         N/A       100%        5
 Excruciating Wounds      Necr           0%         N/A       100%        5
 Lightning Bolt           Conj/Air       0%         1d11      100%        5
 Metabolic Englaciation   Hex/Ice        0%         N/A       100%        5
 Yara's Violent Unravell  Hex/Tmut       0%         3d3       100%        5


Dungeon Overview and Level Annotations

Branches:
Dungeon (9/15)             Temple (0/1) D:5            Lair (5/6) D:8
  Swamp (0/4) Lair:4          Orc (0/2) D:9         Ossuary (visited)
  Snake: Lair:2-4    Spider: Lair:2-4     Slime: Lair:5-6

Altars:
Ashenzari
Cheibriados
Dithmenos
Elyvilon
Fedhas
Makhleb
Qazlal
Ru
Sif Muna
Yredelemnul
The Shining One

Shops:
D:1 *   D:9 (

Annotations:
Lair:5 3 runed translucent doors


Innate Abilities, Weirdness & Mutations

You can spit globs of acid.
Your golden yellow scales are hard. (AC +8)
You cannot fit into any form of body armour.
You are dopey. (Int -2)
You are cold-blooded and may be slowed by cold attacks.
You cannot be stealthy.
You cannot study or use magical devices.
You are hated by all.
You are sensitive to extremes of temperature. (rF-, rC-)
You are resistant to acid. (rCorr)


Message History

You tail-slap the cane toad, but do no damage.
The cane toad is moderately wounded.
You feel sick.
The cane toad is no longer moving slowly.
You hit the cane toad but do no damage.
You tail-slap the cane toad, but do no damage.
The cane toad is moderately wounded.
You feel sick. The cane toad barely misses you.
You hit the cane toad.
The cane toad is moderately wounded.
You feel sick. The cane toad closely misses you.
You hit the cane toad but do no damage.
The cane toad is moderately wounded.
You feel sick. The cane toad barely misses you.
You completely miss the cane toad.
The cane toad is moderately wounded.
You feel sick. The cane toad stings you!
You are more poisoned.
The cane toad poisons you!
You hit the cane toad but do no damage.
The cane toad is moderately wounded.
You feel very sick.
You barely miss the cane toad.
Your tail-slap misses the cane toad.
The cane toad is moderately wounded.
You feel very sick. The cane toad stings you!
You barely miss the cane toad.
The cane toad is moderately wounded.
You feel very sick. The cane toad stings you.
* * * LOW HITPOINT WARNING * * *
You slash the cane toad!
You tail-slap the cane toad, but do no damage.
The cane toad is heavily wounded.
You feel very sick.
The cane toad is stunned by your conviction and fails to attack.
You slash the cane toad! You tail-slap the cane toad.
The cane toad is severely wounded.
You feel sick. The cane toad stings you!!
You die...

#.#..## ((. ....
###...# ##.P##P.+####
##.....# #.(.........
#.+.#.## #.#........#
#....... #..(......###.
+....... ##..(.....P...
#.......
#....F....+...#........
#....@....# ##.......
#P.#+.#..## #....... #
#.## #.# ###.##.. ##..#
# #..### ###..|#
#.#..###.## #.........#
#††......+.. #>.......#


You could see a cane toad.

Vanquished Creatures
  A hydra (Lair:4)
  A boulder beetle (Lair:4)
  A catoblepas (Lair:4)
  2 two-headed ogres (D:9)
  An oklob plant (Lair:1)
  A will-o-the-wisp (Lair:4)
  3 elephants (Lair:5)
  3 black mambas
  11 cane toads
  A gargoyle (D:8)
  A rime drake (Lair:1)
  4 komodo dragons
  A troll (D:9)
  2 polar bears
  A hornet (D:7)
  12 blink frogs
  A shadow (D:8)
  A spriggan (Lair:5)
  A vampire (D:9)
  4 wyverns
  34 yaks
  5 water moccasins
  2 sky beasts
  4 orc warriors
  2 black bears
  3 necrophages
  An ice beast (D:7)
  2 ogres (D:4)
  18 wolves
  A centaur (D:8)
  4 kobold brigands
  16 bullfrogs
  8 scorpions
  2 wights (D:9)
  3 killer bees
  A vampire bat (D:5)
  2 electric eels
  A hound (D:6)
  9 centaur zombies
  A jelly (D:6)
  A bullfrog zombie (D:6)
  3 human zombies (Ossuary)
  3 orc priests
  A bullfrog skeleton (D:7)
  An iron imp (D:5)
  4 iguanas
  3 orc wizards
  6 hell rats (Lair:5)
  6 scorpion zombies (Ossuary)
  A hound skeleton (D:4)
  3 mummies (Ossuary)
  7 gnolls
  7 adders
  A shadow imp (D:8)
  A white imp (D:8)
  An ufetubus (D:4)
  4 worms (D:2)
  4 dart slugs
  3 fire bats (D:5)
  30 orcs
  2 spectral bats (D:5)
  11 bats
  3 bat skeletons (D:5)
  A bat zombie (D:5)
  7 endoplasms
  A giant cockroach (D:2)
  8 goblins
  9 hobgoblins
  5 jackals (D:1)
  5 quokkas
  3 ball pythons
  A bat simulacrum (D:5)
  3 frilled lizards
  A goblin zombie (Ossuary)
  2 hobgoblin zombies (Ossuary)
  33 kobolds
  3 orc zombies (Ossuary)
  2 rats (D:3)
  A bush (Lair:1)
363 creatures vanquished.

Vanquished Creatures (others)
  2 cane toads
  A komodo dragon (Lair:2)
  A blink frog (Lair:3)
  A wolf (Lair:2)
  A scorpion (Ossuary)
  A wight (D:8)
  A kobold (D:2)
  2 foxfires (Lair:4)
  24 fungi
  51 plants
85 creatures vanquished.

Grand Total: 448 creatures vanquished

Notes
Turn   | Place    | Note
-------+----------+-------------------------------------------
     0 | D:1      | Bapho the Draconian Monk began the quest for the Orb.
     0 | D:1      | Reached XP level 1. HP: 19/19 MP: 1/1
   359 | D:1      | Reached XP level 2. HP: 17/26 MP: 2/2
   496 | D:1      | Found a faded altar of an unknown god.
   516 | D:1      | Became a worshipper of Ru the Awakened
   522 | D:1      | Gained mutation: You are sensitive to extremes of
                  | temperature. (rF-, rC-) [Ru sacrifice]
   522 | D:1      | Reached * piety under Ru
   522 | D:1      | Reached ** piety under Ru
  1079 | D:1      | Found Boyni's General Store.
  1102 | D:1      | Reached skill level 4 in Long Blades
  1352 | D:2      | Reached XP level 3. HP: 31/31 MP: 3/3
  2189 | D:2      | Reached XP level 4. HP: 38/38 MP: 4/4
  2208 | D:2      | Reached skill level 5 in Long Blades
  3493 | D:3      | Noticed a bullfrog
  3509 | D:3      | Killed a bullfrog
  3510 | D:3      | Reached skill level 6 in Long Blades
  3510 | D:3      | Reached XP level 5. HP: 20/45 MP: 5/5
  3834 | D:3      | Gained mutation: You cannot study or use magical devices.
                  | [Ru sacrifice]
  3834 | D:3      | Reached *** piety under Ru
  3834 | D:3      | Reached **** piety under Ru
  3834 | D:3      | Reached ***** piety under Ru
  3841 | D:3      | Found a glowing golden altar of the Shining One.
  3852 | D:3      | Found a basalt altar of Yredelemnul.
  3854 | D:3      | Noticed a profane servitor
  4180 | D:3      | Noticed an angel
  4296 | D:4      | Found a shadowy altar of Dithmenos.
  4374 | D:4      | Noticed a black bear
  4388 | D:4      | Killed a black bear
  4389 | D:4      | Reached XP level 6. HP: 32/51 MP: 0/6
  4567 | D:4      | Reached skill level 7 in Long Blades
  4953 | D:4      | Reached skill level 8 in Long Blades
  4953 | D:4      | Your scales start taking on a golden yellow colour.
  4953 | D:4      | Reached XP level 7. HP: 34/57 MP: 1/7
  4953 | D:4      | Gained mutation: You are resistant to acid. (rCorr) [Yellow
                  | Draconian growth]
  5279 | D:5      | Entered Level 5 of the Dungeon
  5286 | D:5      | Identified a scroll of acquirement
  5286 | D:5      | Acquired 772 gold pieces
  5322 | D:5      | Found a sand-covered staircase.
  5341 | D:5      | Reached skill level 9 in Long Blades
  5353 | Ossuary  | Entered an ossuary
  5407 | Ossuary  | Reached XP level 8. HP: 59/63 MP: 3/8
  5475 | Ossuary  | Reached skill level 10 in Long Blades
  5703 | Ossuary  | Reached skill level 11 in Long Blades
  6071 | D:5      | Gained mutation: You are dopey. (Int -2) [Ru sacrifice]
  6094 | D:5      | Found a snail-covered altar of Cheibriados.
  6335 | D:5      | Found a staircase to the Ecumenical Temple.
  7103 | D:6      | Found a burning altar of Makhleb.
  7236 | D:6      | Reached XP level 9. HP: 67/68 MP: 9/9
  7434 | D:6      | Reached skill level 12 in Long Blades
  7596 | D:6      | Found a shimmering blue altar of Sif Muna.
  7731 | D:6      | Gained mutation: You cannot be stealthy. [Ru sacrifice]
  8498 | D:7      | Reached skill level 13 in Long Blades
  8512 | D:7      | Noticed a green ugly thing
  8588 | D:7      | Found a broken altar of Ashenzari.
  8813 | D:8      | Found a staircase to the Lair.
  9111 | D:8      | Found a blossoming altar of Fedhas.
  9286 | D:8      | Reached skill level 14 in Long Blades
  9286 | D:8      | Reached XP level 10. HP: 42/77 MP: 10/10
  9456 | D:8      | Reached skill level 5 in Fighting
  9475 | D:8      | Gained mutation: You are hated by all. [Ru sacrifice]
  9475 | D:8      | Reached ****** piety under Ru
  9747 | D:8      | Noticed a gargoyle
  9755 | D:8      | Killed a gargoyle
 10181 | D:9      | Noticed a two-headed ogre
 10190 | D:9      | Killed a two-headed ogre
 10191 | D:9      | Reached skill level 5 in Dodging
 10426 | D:9      | Found Puwnexot's Weapon Emporium.
 10426 | D:9      | Found a staircase to the Orcish Mines.
 10439 | D:9      | Reached skill level 1 in Shields
 10740 | D:9      | Noticed a two-headed ogre
 10745 | D:9      | Killed a two-headed ogre
 10746 | D:9      | Reached skill level 5 in Shields
 10746 | D:9      | Reached XP level 11. HP: 76/86 MP: 2/11
 11082 | D:9      | Found a stormy altar of Qazlal.
 11083 | D:9      | Found a white marble altar of Elyvilon.
 11387 | Lair:1   | Entered Level 1 of the Lair of Beasts
 12438 | Lair:1   | Noticed an oklob plant
 12455 | Lair:1   | Killed an oklob plant
 12456 | Lair:1   | Identified the +11 war axe "Zuucwi" {venom, Int+2 Dex+6}
 13237 | Lair:2   | Reached skill level 10 in Shields
 14087 | Lair:3   | Reached XP level 12. HP: 70/97 MP: 3/12
 14615 | Lair:4   | Found a staircase to the Swamp.
 14711 | Lair:3   | HP: 3/93 [cane toad (9)]
 15093 | Lair:4   | Noticed a five-headed hydra
 15110 | Lair:4   | Killed a five-headed hydra
 15169 | Lair:4   | Noticed a boulder beetle
 15235 | Lair:4   | Killed a boulder beetle
 15426 | Lair:4   | Noticed a catoblepas
 15484 | Lair:4   | Killed a catoblepas
 15631 | Lair:4   | You fall into a shaft and drop 1 floor!
 15776 | Lair:5   | Found a runed translucent gate.
 15776 | Lair:5   | Found a runed translucent gate.
 15776 | Lair:5   | Found a runed translucent gate.
 15938 | Lair:5   | Reached XP level 13. HP: 62/80 MP: 4/13
 16113 | Lair:4   | Slain by a cane toad

Illustrated notes

Levels and vault maps discovered:
D:1:      dpeg_arrival_three_same_balls, layout_loops_ring, serial_shops,
          nicolae_shop_waterfront, hellmonk_ecumenical_altar_lost_god
D:2:      layout_loops_cross, grunt_decor_resistance, grunt_ministairs_15,
          minmay_misc_feat_four_crosses
D:3:      layout_loops_cross, grunt_temple_overflow_holy_war
D:4:      layout_basic, overflow_temple_1_default, bh_walls_and_bars
D:5:      layout_loops_ring, chei_slow_surprise, minmay_temple_entry_slanted,
          enter_ossuary_1, goddamned_bats
D:6:      layout_gridville, lemuel_doored_altar, overflow_temple_1_default
D:7:      layout_loops_ring, cheibrodos_ashenzari_chains, lightli_corner_chamber
D:8:      wad_woods_pond, layout_basic, fedhas_altar_1, lair_entry_dummy
D:9:      layout_cross, gammafunk_temple_overflow_pools, orc_david_3,
          serial_bayou, serial_bayou_pond_e, serial_bayou_crossing,
          serial_bayou_pond_b, serial_bayou_pond_e
Lair:1:   layout_cave_shapes, minmay_lair_oklob_items, st_stairs_8,
          grunt_megastairs_1, serial_bayou_shore_a
Lair:2:   layout_long_grid
Lair:3:   layout_concentric_octagons
Lair:4:   layout_roguey, minmay_swamp_entry_wisps,
          nicolae_spider_entry_non_spiders, uniq_urug
Lair:5:   layout_big_grid, slime_altar_1, gammafunk_ghost_endoplasm,
          grunt_forest_stairs_clearing

Skill      XL: |  1  2  3  4  5  6  7  8  9 10 11 12 |
---------------+-------------------------------------+-----
Long Blades    | 4 6 8 9 11 14 | 14.0
Stealth        | 0 |  0.0
Dodging        | 5 8 |  8.1
Fighting       | 6 7 9 |  9.7
Shields        | 5 11 12 | 12.4

Action                   |  1- 3 |  4- 6 |  7- 9 | 10-12 | 13-15 || total
-------------------------+-------+-------+-------+-------+-------++-------
Melee: Falchion          |    91 |   118 |       |       |       ||   209
       Tailslap          |     9 |    27 |    79 |   155 |     9 ||   279
       Long sword        |       |    47 |   386 |   682 |    42 ||  1157
Throw: Stone             |   104 |   115 |   186 |   201 |    14 ||   620
Invok: Sacrifice Resista |     1 |       |       |       |       ||     1
       Power Leap        |       |     2 |     3 |     8 |       ||    13
       Sacrifice Artific |       |     1 |       |       |       ||     1
       Apocalypse        |       |       |     5 |    16 |       ||    21
       Sacrifice Purity  |       |       |     1 |       |       ||     1
       Sacrifice Stealth |       |       |     1 |       |       ||     1
       Draw Out Power    |       |       |       |     1 |       ||     1
       Sacrifice Love    |       |       |       |     1 |       ||     1
 Abil: Breathe Acid      |       |       |     1 |     5 |       ||     6
  Use: Scroll            |       |     2 |     7 |     1 |       ||    10
 Stab: Paralysed         |       |     5 |     8 |    31 |       ||    44
       Invisible         |       |       |     4 |    13 |     1 ||    18
       Distracted        |       |       |     2 |     2 |       ||     4
       Petrified         |       |       |       |     3 |       ||     3
Armor: Skin              |    16 |    46 |   111 |    99 |    11 ||   283
Dodge: Dodged            |    46 |    73 |   195 |   335 |    29 ||   678
       Rpst.: Falchion   |    13 |    15 |       |       |       ||    28
       Long sword        |       |     8 |    64 |   108 |     4 ||   184

Table legend: (Time is in decaauts)
 A = Elapsed time spent in this place.
 B = Non-inter-level travel time spent in this place.
 C = Inter-level travel time spent in this place.
 D = Time resting spent in this place.
 E = Time spent auto-exploring this place.
 F = Levels seen in this place.
 G = Mean time per level.
                   A        B        C        D        E       F      G
               +--------+--------+--------+--------+--------+-----+--------+
         Total |  15941 |  15496 |    445 |    513 |  12229 |  15 | 1062.7 |
       Dungeon |  10776 |  10410 |    366 |    171 |   8612 |   9 | 1197.3 |
          Lair |   4581 |   4502 |     79 |    342 |   3260 |   5 |  916.2 |
       Ossuary |    584 |    584 |      0 |      0 |    357 |   1 |  584.0 |
               +--------+--------+--------+--------+--------+-----+--------+

Top non-repeatable levels by time:
     D:2: 1799 daAuts
     D:8: 1462 daAuts
     D:1: 1450 daAuts
  Lair:2: 1322 daAuts
  Lair:1: 1208 daAuts
     D:9: 1126 daAuts
  Lair:3: 1073 daAuts
     D:4: 1040 daAuts
     D:5: 1028 daAuts
     D:3: 1025 daAuts
     D:6: 945 daAuts
     D:7: 897 daAuts
 Ossuary: 584 daAuts
  Lair:4: 577 daAuts
  Lair:5: 399 daAuts
